 Dungeon Crawl Stone Soup version 0.15.2 (webtiles) character file.

39 NTAmi the Chiller (level 3, 0/26 HPs)
             Began as a Ghoul Ice Elementalist on Feb 22, 2015.
             Slain by a worm (8 damage)
             ... on Level 2 of the Dungeon.
             The game lasted 00:13:22 (1490 turns).

NTAmi the Chiller (Ghoul Ice Elementalist)          Turns: 1490, Time: 00:13:22

HP   0/26        AC  2     Str 11      XL: 3   Next: 47%
MP   1/6         EV 12     Int 11      God:
Gold 111         SH  0     Dex  9      Spells:  2 memorised,  4 levels left

rFire  . . .     SeeInvis .     (no weapon)
rCold  + . .     Clarity  .     a - +0 robe
rNeg   + + +     rCorr    .     (no shield)
rPois  +         rRot     +     (no helmet)
rElec  .         Spirit   .     (no cloak)
SustAb .         Warding  .     (no gloves)
rMut   .         Stasis   .     (no boots)
Saprov + + +                    (no amulet)
MR     .....                    (no ring)
                                e - ring of flight

@: very slightly contaminated, rotting, not resistant to hostile enchantments,
unstealthy
A: rotting body, claws 1, carnivore 3, cold resistance 1, negative energy
resistance 3, poison resistance, saprovore 3, slow healing 1, torment
resistance, unbreathing
a: Evoke Flight


You were on level 2 of the Dungeon.
You were not hungry.

You visited 1 branch of the dungeon, and saw 2 of its levels.

You collected 111 gold pieces.

Inventory:

Missiles
 g - 16 bolts of flame
 n - 14 sling bullets of flame
 o - 49 stones (quivered)
Armour
 a - a +0 robe (worn)
Comestibles
 h - a beef jerky
Scrolls
 c - 3 scrolls of identify {unknown}
 i - a scroll of enchant weapon {unknown}
 j - a scroll of fog {unknown}
 k - a scroll of recharging {unknown}
 m - a scroll of teleportation {unknown}
Jewellery
 e - a ring of flight (left claw)
Potions
 d - a potion of agility {unknown}
 f - a potion of lignification
 l - a potion of confusion {unknown}
Books
 b - a book of Frost

   Spells                             Type                      Level
   *Freeze                            Ice                          1
   *Throw Frost                       Conjuration/Ice              2
   Ozocubu's Armour                   Charms/Ice                   3
   Throw Icicle                       Conjuration/Ice              4
   Summon Ice Beast                   Ice/Summoning                4
   Condensation Shield                Ice                          4


   Skills:
 - Level 1.7 Dodging
 - Level 2.1 Stealth
 + Level 2.5 Spellcasting
 * Level 1.0 Conjurations
 - Level 3.2 Ice Magic
 * Level 1.6 Evocations


You had 4 spell levels left.
You knew the following spells:

 Your Spells              Type           Power        Failure   Level  Hunger
a - Freeze                Ice            #...         10%         1    ##.....
b - Throw Frost           Conj/Ice       #.....       21%         2    ###....


Dungeon Overview and Level Annotations

Branches:
Dungeon (2/15)

Altars:
Okawaru


Innate Abilities, Weirdness & Mutations

Your body is rotting away.
You have sharp fingernails.
You are carnivorous and can eat meat at any time.
Your flesh is cold resistant.
You are immune to negative energy.
Your system is resistant to poisons.
You thrive on rotten meat.
You heal slowly when monsters are visible.
You are immune to unholy pain and torment.
You can survive without breathing.


Message History

You freeze the worm.
The worm is moderately wounded.
The worm bites you!
Casting: Freeze
Confirm with . or Enter, or press ? or * to list all spells.
Aiming: Freeze
Press: ? - help, Shift-Dir - straight line, f/p - worm
Aim: a worm (moderately wounded)
You freeze the worm.
The worm is heavily wounded.
You scratch the worm but do no damage.
The worm is heavily wounded.
The worm closely misses you.
You scratch the worm.
The worm is heavily wounded.
You scratch the worm.
The worm is severely wounded.
The worm bites you.
You scratch the worm but do no damage. The worm bites you!
You die...

..# ##....# ......###########
w ##...............# .# ...
...#............# ..# .....#
#.##............# ..# ......#
#...............#...# #......#
#..##...........#...# #......#
#.w.@...........w.... #...S(.#
#w###w..........##### #.....(#
#%# #................ #......#
#w# ###########.#....
#.#####(### #.#.###
#.####...w.....###########.#.#
#.......S....................#
#########################.####
#.#


You could see 3 worms.

Vanquished Creatures
  An adder (D:2)
  2 giant geckos
  An ooze (D:1)
  2 bats
  4 hobgoblins
  8 kobolds
  A ball python (D:2)
  2 giant newts
  2 goblins
  3 rats (D:1)
26 creatures vanquished.

Notes
Turn   | Place    | Note
--------------------------------------------------------------
     0 | D:1      | NTAmi, the Ghoul Ice Elementalist, began the quest for the Orb.
     0 | D:1      | Reached XP level 1. HP: 14/14 MP: 2/2
   289 | D:1      | Reached XP level 2. HP: 15/20 MP: 2/4
   545 | D:1      | Learned a level 2 spell: Throw Frost
   958 | D:2      | Reached skill level 1 in Evocations
  1138 | D:2      | Found an iron altar of Okawaru.
  1163 | D:2      | Reached XP level 3. HP: 19/26 MP: 0/6
  1181 | D:2      | Reached skill level 1 in Conjurations
  1490 | D:2      | Slain by a worm

Action                   || total
-------------------------++-------
Melee: Unarmed           ||    56
Throw: Stone             ||    19
 Cast: Freeze            ||    27
       Throw Frost       ||     5
 Abil: Stop Flying       ||     1
       Evoke Flight      ||     1
  Use: Potion            ||     3
 Stab: Sleeping          ||     1
  Eat: Chunk             ||    20
